 Dungeon Crawl Stone Soup version 0.27.0 (webtiles) character file.

Game seed: 17949573105252288743

165 mandarbmax the Chopper (level 5, -6/46 HPs)
             Began as a Hill Orc Monk on July 30, 2021.
             Was a Believer of Nemelex Xobeh.
             Mangled by Menkaure (12 damage)
             ... on level 4 of the Dungeon.
             The game lasted 00:05:29 (3539 turns).

mandarbmax the Chopper (Hill Orc Monk)              Turns: 3539, Time: 00:05:30

Health: -6/46      AC:  6    Str: 15    XL:     5   Next: 46%
Magic:  5/5        EV: 12    Int: 12    God:    Nemelex Xobeh [**....]
Gold:   88         SH:  0    Dex: 13    Spells: 4/4 levels left

rFire    . . .     SeeInvis +   a - +0 hand axe
rCold    . . .     Faith    .   (no shield)
rNeg     . . .     Spirit   .   e - +0 leather armour
rPois    .         Reflect  .   n - +3 crown of Dyrovepreva {rElec Int+2 SInv}
rElec    +         Harm     .   (no cloak)
rCorr    .         Rampage  .   (no gloves)
Will     .....                  (no boots)
Stlth    ++........             (no amulet)
HPRegen  0.15/turn              (no ring)
MPRegen  0.09/turn              (no ring)

@: no status effects
A: no striking features
a: Renounce Religion, Draw Escape, Draw Destruction, Draw Summoning


You were on level 4 of the Dungeon.
You worshipped Nemelex Xobeh.
Nemelex Xobeh was pleased with you.
You visited 1 branch of the dungeon, and saw 4 of its levels.

You collected 88 gold pieces.

Inventory:

Hand Weapons
 a - a +0 hand axe (weapon)
Missiles
 c - 19 poisoned darts (quivered)
Armour
 e - a +0 leather armour (worn)
 n - the +3 crown of Dyrovepreva (worn) {rElec Int+2 SInv}
   (You found it on level 3 of the Dungeon)

   Int:       It affects your intelligence (+2).
   rElec:     It insulates you from electricity.
   SInv:      It lets you see invisible.
 o - a +0 plate armour
Jewellery
 k - an amulet of reflection
Wands
 m - a wand of charming (5)
Scrolls
 b - 2 scrolls of immolation {unknown}
 d - a scroll of brand weapon {unknown}
 i - 2 scrolls of enchant armour {unknown}
 j - 2 scrolls of summoning {unknown}
 p - a scroll of identify {unknown}
Potions
 f - a potion of cancellation {unknown}
 g - a potion of magic {unknown}
 h - a potion of invisibility {unknown}
 l - a potion of heal wounds {unknown}


   Skills:
 - Level 4.0 Fighting
 + Level 7.0 Axes
 - Level 3.0 Dodging
 - Level 2.0 Stealth


You had 4 spell levels left.
You didn't know any spells.
Your spell library contained the following spells:

 Spells                   Type           Power      Damage    Failure   Level
 Leda's Liquefaction      Hex/Erth       0%         N/A       99%         4
 Bolt of Magma            Conj/Fire/Erth 0%         4d4       100%        5
 Statue Form              Tmut/Erth      0%         N/A       100%        6


Dungeon Overview and Level Annotations

Branches:
Dungeon (4/15)
 Temple: D:4-7

Altars:
Nemelex Xobeh
Okawaru

Annotations:
D:4 Menkaure


Message History

There are monsters nearby!
There are monsters nearby!
Menkaure mumbles some strange words.
Menkaure seems to speed up.
Found 32 stones.
You hit Menkaure.
Menkaure is lightly damaged.
Menkaure misses you.
You hit Menkaure.
Menkaure is moderately damaged.
Menkaure barely misses you.
You hit Menkaure.
Menkaure is heavily damaged.
Menkaure barely misses you.
Okay, then.
You hit Menkaure.
Menkaure is severely damaged.
Menkaure hits you!
Menkaure calls on the powers of darkness!
Your body is wracked with pain!
You hear a shout!
You hit Menkaure.
Menkaure is severely damaged.
You hear a shout!
Menkaure hits you!
* * * LOW HITPOINT WARNING * * *
Unknown command.
You draw a card...
You have drawn Pain.
Press: ? - help, Shift-Dir - straight line, f - Menkaure
Aim: Menkaure (severely damaged, fast)
The bolt of negative energy hits Menkaure.
Menkaure completely resists.
Menkaure is severely damaged.
Menkaure closely misses you.
You draw a card...
You have drawn Degeneration.
Menkaure is dazed by the mutagenic energy.
Menkaure hits you!
You die...
Your body glows slightly and disappears.

#.# #.# #.# #
# # #.# ^## #o
#.# #.# ...
.###.###.## (.
.>.......#
#?###.###.#..#
#.M@..# #....#
#.###.###.##.#
... ##...###.#
.....#####.##
#.#
............#
#.#
#############
#.# .#


You could see Menkaure (fast, dazed).

Vanquished Creatures
  A jelly (D:4)
  A hound skeleton (D:3)
  4 adders
  A worm (D:3)
  3 dart slugs
  An orc (D:2)
  5 bats
  6 endoplasms
  5 giant cockroaches
  6 goblins
  10 hobgoblins
  2 jackals (D:4)
  7 kobolds
  2 quokkas (D:1)
  9 ball pythons
  3 frilled lizards
  4 rats
70 creatures vanquished.

Vanquished Creatures (others)
  5 plants (D:4)
5 creatures vanquished.

Grand Total: 75 creatures vanquished

Notes
Turn   | Place    | Note
-------+----------+-------------------------------------------
     0 | D:1      | mandarbmax the Hill Orc Monk began the quest for the Orb.
     0 | D:1      | Reached XP level 1. HP: 19/19 MP: 1/1
   254 | D:1      | Reached XP level 2. HP: 27/27 MP: 2/2
   644 | D:1      | Reached XP level 3. HP: 26/33 MP: 3/3
  1477 | D:2      | Reached skill level 5 in Axes
  1791 | D:2      | Reached XP level 4. HP: 36/39 MP: 4/4
  2188 | D:2      | Found a faded altar of an unknown god.
  2653 | D:3      | Reached skill level 6 in Axes
  2867 | D:3      | Found an iron altar of Okawaru.
  2936 | D:3      | Found a sparkling altar of Nemelex Xobeh.
  2936 | D:3      | Found a transporter.
  2937 | D:3      | Noticed a sky beast
  2943 | D:3      | Became a worshipper of Nemelex Xobeh the Trickster
  2943 | D:3      | Reached * piety under Nemelex Xobeh
  2943 | D:3      | Received a gift from Nemelex Xobeh
  2943 | D:3      | Reached ** piety under Nemelex Xobeh
  2949 | D:3      | Found the +3 crown of Dyrovepreva {rElec Int+2 SInv}
  3025 | D:3      | Reached XP level 5. HP: 44/46 MP: 5/5
  3484 | D:4      | Reached skill level 7 in Axes
  3530 | D:4      | Noticed Menkaure
  3539 | D:4      | Mangled by Menkaure

Illustrated notes

Levels and vault maps discovered:
D:1:      mrwooster_arrival_statue_3, layout_loops_ring
D:2:      layout_basic, serial_glass, glass_columns_b, glass_columns_b,
          shapermc_ecumenical_altar_notcrosses, columned_hall_lemuel
D:3:      layout_loops_ring, grunt_nemelex_the_gamble, okawaru_trees_2,
          minivault_26, hangedman_glass_teeth, skrybe_limestone_x,
          corexii_corridor_pit
D:4:      layout_loops_ring, serial_bayou_crossing, uniq_menkaure, uniq_sigmund

Skill      XL: |  1  2  3  4  5 |
---------------+----------------+-----
Stealth        | 2 |  2.0
Fighting       | 4 |  4.0
Dodging        | 3 |  3.0
Axes           | 5 6 7 |  7.0

Action                   |  1- 3 |  4- 6 || total
-------------------------+-------+-------++-------
Melee: Hand axe          |    92 |    93 ||   185
Throw: Dart              |    60 |    27 ||    87
Invok: Draw Destruction  |       |     2 ||     2
 Stab: Sleeping          |     3 |     2 ||     5
Armor: Robe              |     3 |       ||     3
       Leather armour    |    21 |    30 ||    51
Dodge: Dodged            |    60 |    50 ||   110
